 Dungeon Crawl Stone Soup version 0.30-a0-824-g6c64550be9 (webtiles) character file.

Game seed: 13985902973218452992

628 Nacht the Grave Robber (level 7, 0/82 HPs)
             Began as a Naga Necromancer on Feb 27, 2023.
             Was a Plaything of Xom.
             Slain by a gnoll
             ... wielding a +0 flail
             ... led by a gnoll bouda
              (10 damage)
             ... on level 4 of the Dungeon.
             The game lasted 00:06:49 (4586 turns).

Nacht the Grave Robber (Naga Necromancer)           Turns: 4586, Time: 00:06:49

Health: 0/82       AC:  4    Str: 10    XL:     7   Next: 48%
Magic:  0/14       EV: 14    Int: 17    God:    Xom [..*...]
Gold:   159        SH:  4    Dex: 12    Spells: 11/15 levels left

rFire   . . .      SeeInvis +    (no weapon)
rCold   . . .      Faith    .    (no shield)
rNeg    . . .      Spirit   .    r - +1 leather armour {Will+}
rPois   +          Reflect  .    (no helmet)
rElec   .          Harm     .    (no cloak)
rCorr   .          Rampage  .    (no gloves)
Will    ++...                    (no barding) Stlth
                                 (no amulet)
HPRegen 0.33/turn                g - +5 ring of evasion
MPRegen 0.14/turn                (no ring)

@: berserking, quick
A: AC +2, large, see invisible, deformed body, poison resistance, slowness 2,
spit poison 1, naga tail 1, large bone plates 1, strong-willed 1, noise
suppression
a: Spit Poison, Renounce Religion


You were on level 4 of the Dungeon.
You worshipped Xom.
You were a toy of Xom.
You visited 1 branch of the dungeon, and saw 6 of its levels.

You collected 159 gold pieces.

Inventory:

Missiles
 a - 18 poisoned darts
 s - a throwing net
Armour
 r - a +1 leather armour of willpower (worn)
Jewellery
 g - a +5 ring of evasion (left hand)
Wands
 p - a wand of mindburst (18)
Scrolls
 b - a scroll of vulnerability {unknown}
 c - a scroll of fear {unknown}
 e - a scroll of poison
 k - 3 scrolls of teleportation {unknown}
 l - 2 scrolls of fog {unknown}
 m - a scroll of immolation {unknown}
 n - a scroll of magic mapping {unknown}
 t - a scroll of identify {unknown}
Potions
 d - a potion of berserk rage
 f - 2 potions of heal wounds {unknown}
 h - 2 potions of curing {unknown}
 i - 2 potions of mutation {unknown}
 j - a potion of attraction {unknown}
 o - a potion of resistance {unknown}
 q - 2 potions of degeneration {unknown}


   Skills:
 - Level 1.5 Dodging
 + Level 6.1 Stealth
 * Level 4.9 Spellcasting
 * Level 6.3 Necromancy


You had 11 spell levels left.
You knew the following spells:

 Your Spells              Type           Power      Damage    Failure   Level
a - Necrotise             Necr           100%       1d9       1%          1
b - Vampiric Draining     Necr           25%        2d7       4%          3

Your spell library contained the following spells:

 Spells                   Type           Power      Damage    Failure   Level
 Animate Dead             Necr           25%        N/A       14%         4
 Summon Small Mammal      Summ           16%        N/A       21%         1
 Agony                    Necr           25%        N/A       36%         5
 Call Canine Familiar     Summ           4%         N/A       52%         3
 Summon Guardian Golem    Hex/Summ       4%         N/A       52%         3


Dungeon Overview and Level Annotations

Branches:
Dungeon (6/15)
 Temple: D:4-7

Altars:
Xom

Shops:
D:4 =

Annotations:
D:5 Grinder
D:6 1 runed translucent door


Innate Abilities, Weirdness & Mutations

Your serpentine skin is tough. (AC +2)
You have supernaturally acute eyesight. (SInv)
Armour fits poorly on your strangely shaped body.
Your system is resistant to poisons. (rPois)
You cover ground very slowly.
You can spit poison.
You have a snake-like lower body.
You are partially covered in large bone plates. (SH +4)
You are strong-willed. (Will+)
You passively dampen the noise of your surroundings.


Message History

The gnoll is severely wounded.
The gnoll hits you with a +0 flail.
Your gnoll skeleton hits the gnoll but does no damage.
The gnoll hits you but does no damage.
You hit the gnoll.
The gnoll is severely wounded.
You block the gnoll's attack.
The gnoll hits you from afar with a +0 spear.
You hit the gnoll but do no damage.
The gnoll is severely wounded.
Your gnoll skeleton closely misses the gnoll.
The gnoll hits you with a +0 flail.
The gnoll hits you from afar with a +0 spear!
* * * LOW HITPOINT WARNING * * *
The gnoll misses you.
Your gnoll skeleton misses the gnoll.
The gnoll closely misses you.
The gnoll hits your gnoll skeleton with a +0 spear.
The gnoll closely misses you.
Casting: Necrotise (safe; 1% risk of failure)
Confirm with . or Enter, or press ? or * to list all spells.
You don't have enough magic to cast this spell.
Something hits your gnoll skeleton!
Your gnoll skeleton closely misses the gnoll.
Something hits your gnoll skeleton.
Your gnoll skeleton is destroyed!
The gnoll attacks as you move away! The gnoll hits you with a +0 flail!
* * * LOW HITPOINT WARNING * * *
The gnoll completely misses you.
Casting: Necrotise (safe; 1% risk of failure)
Confirm with . or Enter, or press ? or * to list all spells.
Aiming: Necrotise (safe; 1% risk of failure)
Press: ? - help, Shift-Dir - straight line, f/p - gnoll
Aim: a gnoll, wielding a +0 flail (severely wounded, chance to affect: 88%)
The gnoll writhes in agony.
It was a potion of berserk rage.
A red film seems to cover your vision as you go berserk!
You feel yourself moving faster!
You feel mighty! The gnoll hits you with a +0 flail!
You die... "It was about time."

.#.# #.# .#.# #)#
...####### #.#
.........# ###.###
########.# #..)..#
#.# #.###.# #.# #.#
#g# ###.###.###.# #
#.....#...g@# #
#.....#####.# #
#.......# #.#
#.....#.###.##
######)....#..##..##
.[.∩))....≈..~.....#
######.#.~~~.~.##♣.#
#....♣.≈.≈.#~.#
##..~.♣~≈..~..#


You could see 2 gnolls.

Vanquished Creatures
  An ogre (D:6)
  A hound (D:3)
  A gnoll bouda (D:4)
  9 gnolls
  6 adders
  2 worms (D:3)
  2 dart slugs (D:1)
  6 orcs
  5 ball pythons
  6 bats
  3 endoplasms (D:1)
  2 giant cockroaches
  2 goblins (D:2)
  2 hobgoblins
  A jackal (D:1)
  3 quokkas
  A frilled lizard (D:1)
  3 kobolds
  A rat (D:1)
57 creatures vanquished.

Vanquished Creatures (collateral kills)
  Eustachio (D:4)
  An orc priest (D:4)
  An orc wizard (D:4)
  5 gnolls
  2 orcs (D:4)
  A ball python (D:3)
  A goblin (D:1)
  2 hobgoblins
  A quokka (D:2)
15 creatures vanquished.

Vanquished Creatures (others)
  A water moccasin (D:4)
1 creature vanquished.

Grand Total: 73 creatures vanquished

Notes
Turn   | Place    | Note
-------+----------+-------------------------------------------
     0 | D:1      | Nacht the Naga Necromancer began the quest for the Orb.
     0 | D:1      | Reached XP level 1. HP: 15/15 MP: 3/3
   200 | D:1      | Reached XP level 2. HP: 21/22 MP: 0/5
   655 | D:1      | Found a faded altar of an unknown god.
   659 | D:1      | Prayed at the altar of an unknown god.
   659 | D:1      | Became a worshipper of Xom of Chaos
   911 | D:1      | Reached XP level 3. HP: 25/28 MP: 1/6
  1184 | D:2      | Learned a level 3 spell: Vampiric Draining
  1217 | D:2      | XOM: silly message
  1554 | D:2      | XOM: noise
  1869 | D:2      | Reached XP level 4. HP: 36/36 MP: 4/8
  2062 | D:3      | You fall into a shaft and drop 3 floors!
  2081 | D:6      | Noticed an ogre
  2385 | D:6      | Killed an ogre
  2386 | D:6      | Reached skill level 5 in Necromancy
  2386 | D:6      | Reached XP level 5. HP: 14/42 MP: 6/10
  2506 | D:6      | Found a runed translucent door.
  2506 | D:6      | Noticed an ice beast
  2508 | D:6      | Noticed a sky beast
  2511 | D:5      | Entered Level 5 of the Dungeon
  2511 | D:5      | Noticed Eustachio
  2514 | D:5      | Noticed Grinder
  2514 | D:5      | Noticed a water moccasin
  2522 | D:4      | Noticed a water moccasin
  2539 | D:4      | XOM: cloud trail
  2695 | D:3      | XOM: cloud trail
  2865 | D:3      | XOM: enchant monster (good)
  2968 | D:3      | Reached skill level 5 in Stealth
  2968 | D:3      | Reached XP level 6. HP: 45/49 MP: 6/11
  3285 | D:3      | XOM: god gift: robe {god gift}
  3622 | D:3      | XOM: scenery: create altars
  3673 | D:3      | XOM: cast spell 'Summon Cactus Giant'
  3923 | D:3      | XOM: give mutations
  3923 | D:3      | Gained mutation: You passively dampen the noise of your
                  | surroundings. [Xom's grace]
  3923 | D:3      | Gained mutation: You are strong-willed. (Will+) [Xom's
                  | grace]
  3923 | D:3      | Gained mutation: You are partially covered in large bone
                  | plates. (SH +4) [Xom's grace]
  4036 | D:4      | XOM: summons 2 friendly demons
  4038 | D:4      | Killed Eustachio
  4138 | D:4      | XOM: summons friendly crimson imp
  4148 | D:4      | Killed a water moccasin
  4148 | D:4      | XOM: divine lightning
  4149 | D:4      | Reached XP level 7. HP: 55/55 MP: 11/13
  4178 | D:4      | XOM: confusion
  4180 | D:4      | XOM: summons 2 friendly demons
  4422 | D:4      | Found Xoges's Jewellery Boutique.
  4553 | D:4      | XOM: potion effect (curing)
  4586 | D:4      | Slain by a gnoll

Illustrated notes

Levels and vault maps discovered:
D:1:      tarquinn_simple_flora_water_a, layout_basic,
          hellmonk_ecumenical_altar_heavens_door, st_stairs_2
D:2:      layout_basic
D:3:      layout_loops_corners
D:4:      layout_loops_ring, minmay_temple_entry_fiery,
          minmay_shop_enchanted_jewellery, chequers_serial_rivers_marsh
D:5:      layout_rooms, corexii_leaking_fountain, uniq_grinder, uniq_eustachio
D:6:      layout_basic, ebering_ghost_reflecting_pool, gup_sewer_entry_spiral

Skill      XL: |  1  2  3  4  5  6  7 |
---------------+----------------------+-----
Stealth        | 4 5 6 |  6.1
Spellcasting   | 3 4 |  4.9
Necromancy     | 5 6 |  6.3
Dodging        | |  1.5

Action                     |  1- 3 |  4- 6 |  7- 9 || total
---------------------------+-------+-------+-------++-------
  Melee: Unarmed           |    33 |     3 |     9 ||    45
   Cast: Necrotise         |    46 |    71 |    39 ||   156
         Vampiric Draining |       |     6 |       ||     6
Ability: Spit Poison       |       |     1 |     1 ||     2
    Use: Potion            |       |     2 |     1 ||     3
         Scroll            |       |     1 |       ||     1
 Armour: Robe              |    14 |     9 |       ||    23
         Leather armour    |       |       |     4 ||     4
  Dodge: Dodged            |    50 |    50 |    28 ||   128
  Block: Other             |       |       |     9 ||     9

Table legend: (Time is in decaauts)
 A = Elapsed time spent in this place.
 B = Non-inter-level travel time spent in this place.
 C = Inter-level travel time spent in this place.
 D = Time resting spent in this place.
 E = Time spent auto-exploring this place.
 F = Levels seen in this place.
 G = Mean time per level.
                   A        B        C        D        E       F      G
               +--------+--------+--------+--------+--------+-----+--------+
         Total |   5697 |   5361 |    336 |      0 |   4517 |   6 |  949.5 |
       Dungeon |   5697 |   5361 |    336 |      0 |   4517 |   6 |  949.5 |
               +--------+--------+--------+--------+--------+-----+--------+

Top non-repeatable levels by time:
     D:3: 1710 daAuts
     D:1: 1441 daAuts
     D:2: 1318 daAuts
     D:4: 689 daAuts
     D:6: 531 daAuts
     D:5: 6 daAuts
